AoeStats
← No Wei

Arabia

508846836Analyzed
1v1 RM · 9d ago on Sep 24, 2026· 50m 22s· 2 players
Game mode
Random Map
Map size
Tiny (2 player)
Population
200
Speed
Normal
Resources
Standard
Victory
Conquest
Starting age
Dark Age
Ending age
Imperial Age
RankedLock teamsTeams togetherTeam positionsShared explorationLock speedFull tech treeHidden civsTurbo modeCheats
Victory
Defeat
🇮🇹 Varangians · Italy
1248
+17
🇫🇮 Danes · Finland
1276
-17
Zenitsu Agatsuma
6:39 Loom
9:28 Feudal Age
10:20 Double-Bit Axe
12:23 Horse Collar
14:18 Bloodlines
21:46 Castle Age
20:05 Gold Mining
21:05 Scale Barding Armor
24:48 Wheelbarrow
25:25 Bow Saw
26:02 Chain Barding Armor
31:54 Husbandry
38:06 Imperial Age
36:18 Forging
36:48 Stone Mining
39:05 Cavalier
40:28 Plate Barding Armor
42:26 Hand Cart
42:59 Iron Casting
43:02 Scale Mail Armor
44:05 Chemistry
43:15 Masonry
43:50 Conscription
42:59 Man-at-Arms
43:25 Gambesons
43:41 Squires
43:50 Long Swordsman
44:45 Two-Handed Swordsman
47:23 Chain Mail Armor
48:09 Blast Furnace
48:07 Town Watch
49:51 Plate Mail Armor
48:47 Light Cavalry
49:08 Vendel Legacy
No Wei
6:56 Loom
9:24 Feudal Age
9:50 Double-Bit Axe
10:05 Man-at-Arms
21:02 Castle Age
19:33 Scale Mail Armor
19:55 Horse Collar
20:49 Fletching
21:20 Pikeman
22:32 Squires
23:27 Forging
23:17 Crossbowman
26:52 Bodkin Arrow
27:31 Arson
31:43 Town Watch
32:28 Stone Mining
36:24 Chain Mail Armor
38:31 Elite Skirmisher
39:54 Heavy Plow
43:16 Imperial Age
41:23 Wheelbarrow
41:26 Padded Archer Armor
40:48 Elite Skirmisher
43:45 Capped Ram
44:33 Bracer
44:06 Halberdier
45:51 Siege Ram
48:28 Plate Mail Armor
49:26 Iron Casting
48:18 Long Swordsman
48:44 Gambesons
49:25 Two-Handed Swordsman
Connection lost

Rejoining the realm…

Still unreachable

The connection could not be restored.

Session expired

The server has moved on; the page needs a fresh start.